 Seeded DCSS version 0.30.0-29-ga12c61a403 (webtiles) character file.

Game seed: 12725349444480519347 (custom seed)

689 IndexError the Conjurer (level 7, 0/51 HPs)
             Began as a Gnoll Conjurer on June 15, 2023.
             Slain by a lemure (7 damage)
             ... led by Pikel
             ... in the Ecumenical Temple.
             The game lasted 00:06:16 (5648 turns).

IndexError the Conjurer (Gnoll Conjurer)            Turns: 5648, Time: 00:06:16

Health: 0/51       AC:  2    Str:  6    XL:     7   Next: 63%
Magic:  8/15       EV: 13    Int: 19    God:
Gold:   176        SH:  0    Dex: 11    Spells: 6/17 levels left

rFire   . . .        i - +0 dagger (venom)
rCold   . . .        (no shield)
rNeg    . . .        a - +0 robe
rPois   .            (no helmet)
rElec   .            (no cloak)
rCorr   +            (no gloves)
SInv    +            (no boots)
Will    .....        (no amulet)
Stlth   +++          t - ring of see invisible {sInv, !d}
HPRegen 0.28/turn    v - ring of resist corrosion
MPRegen 0.14/turn

%: no passive effects
@: lethally poisoned (0 -> -4)
A: fangs 1, strong nose, distributed training
a: no special abilities


You were in the Ecumenical Temple.
You visited 2 branches of the dungeon, and saw 6 of its levels.
You also visited: Sewer.

You collected 176 gold pieces.

Inventory:

Hand Weapons
 i - a +0 dagger of venom (weapon)
   (You took it off a goblin on level 1 of the Dungeon)
Missiles
 g - 5 javelins
Armour
 a - a +0 robe (worn)
 C - a +0 cloak
   (You found it on level 5 of the Dungeon)
Jewellery
 t - a ring of see invisible (left hand) {sInv, !d}
   (You found it on level 2 of the Dungeon)
 v - a ring of resist corrosion (right hand)
   (You took it off a goblin on level 3 of the Dungeon)
 w - a ring of fire {rF+, rC-}
   (You took it off a goblin on level 3 of the Dungeon)
Wands
 r - a wand of iceblast (7)
   (You found it on level 2 of the Dungeon)
 u - a wand of quicksilver (12)
   (You took it off a goblin on level 3 of the Dungeon)
Scrolls
 d - 2 scrolls of noise {unknown}
 e - a scroll of magic mapping {unknown}
 f - 3 scrolls of enchant armour {unknown}
 h - 2 scrolls of fog {unknown}
 j - 9 scrolls of identify {unknown}
 m - a scroll of silence {unknown}
 n - 2 scrolls of fear {unknown}
 y - a scroll of immolation {unknown}
 z - a scroll of blinking {unknown}
 B - 2 scrolls of brand weapon {unknown}
 D - a scroll of butterflies {unknown}
 E - a scroll of amnesia {unknown}
Potions
 b - a potion of magic
 c - a potion of degeneration {unknown}
 k - 2 potions of brilliance {unknown}
 l - 3 potions of heal wounds {unknown}
 o - 3 potions of flight {unknown}
 p - a potion of berserk rage {unknown}
 q - 3 potions of attraction {unknown}
 s - 2 potions of curing {unknown}
 x - a potion of might {unknown}
 A - a potion of ambrosia {unknown}


   Skills:
 + Level 2.7 Fighting
 + Level 2.7 Short Blades
 + Level 2.7 Long Blades
 + Level 2.7 Axes
 + Level 2.7 Maces & Flails
 + Level 2.7 Polearms
 + Level 2.7 Staves
 + Level 2.7 Ranged Weapons
 + Level 2.7 Throwing
 + Level 2.7 Armour
 + Level 5.3 Dodging
 + Level 5.0 Stealth
 + Level 2.7 Shields
 + Level 2.7 Unarmed Combat
 + Level 5.7 Spellcasting
 + Level 7.5 Conjurations
 + Level 2.2 Hexes
 + Level 2.2 Summonings
 + Level 2.2 Necromancy
 + Level 2.2 Translocations
 + Level 2.2 Transmutations
 + Level 2.2 Fire Magic
 + Level 2.2 Ice Magic
 + Level 2.2 Air Magic
 + Level 2.2 Earth Magic
 + Level 2.2 Poison Magic
 + Level 3.0 Invocations
 + Level 2.7 Evocations


You had 6 spell levels left.
You knew the following spells:

 Your Spells              Type           Power      Damage    Failure   Level
a - Magic Dart            Conj           100%       1d8       1%          1
b - Searing Ray           Conj           66%        2d6       1%          2
c - Fulminant Prism       Conj/Hex       11%        3d9       16%         4
x - Iskenderun's Mystic   Conj/Tloc      23%        2d6       16%         4

Your spell library contained the following spells:

 Spells                   Type           Power      Damage    Failure   Level
 Dazzling Flash           Conj/Hex       46%        N/A       4%          3
 Animate Dead             Necr           13%        N/A       43%         4
 Haunt                    Necr/Summ      6%         N/A       100%        7
 Infestation              Necr           6%         N/A       100%        8


Dungeon Overview and Level Annotations

Branches:
Dungeon (5/15)             Temple (1/1) D:4           Sewer (visited)

Altars:
Ashenzari
Cheibriados
Dithmenos
Gozag
Qazlal
Sif Muna

Shops:
D:2 [   D:4 (

Annotations:
D:4 Pikel


Innate Abilities, Weirdness & Mutations

You have very sharp teeth.
Your uncanny sense of smell can sniff out nearby items.
Your experience applies equally to all skills.


Message History

You now have 11/15 mp.
The magic dart hits the lemure.
The lemure barely misses you.
Pikel, Merchant of Souls comes into view.
He is wielding a +1 whip of electrocution and carrying a wand of polymorph (4).
You now have 10/15 mp.
The lemure attacks as you move away! The lemure misses you.
The lemure attacks as you move away! The lemure completely misses you.
There is a stone staircase leading up here.
Casting: Magic Dart (safe; 1% risk of failure)
Confirm with . or Enter, or press ? or * to list all spells.
Okay, then.
Casting: Magic Dart (safe; 1% risk of failure)
Confirm with . or Enter, or press ? or * to list all spells.
Aiming: Searing Ray (safe; 1% risk of failure)
Press: ? - help, Shift-Dir - straight line, f/p - lemure
Aim: a lemure (almost dead, 76% to hit)
Okay, then.
Casting: Searing Ray (safe; 1% risk of failure)
Confirm with . or Enter, or press ? or * to list all spells.
The spell is quite dangerous to miscast (16% risk of failure)!
Continue anyway?
Aiming: Fulminant Prism (quite dangerous; 16% risk of failure)
Press: ? - help, Dir - move target, p - lemure You conjure a prism of explosive energy!
Pikel shouts!
A fulminant prism comes into view.
You hear a shout!
The lemure barely misses you.
You now have 7/15 mp.
The lemure closely misses you.
A lemure comes into view.
Your fulminant prism crackles loudly.
Casting: Fulminant Prism (quite dangerous; 16% risk of failure)
Confirm with . or Enter, or press ? or * to list all spells.
Aiming: Searing Ray (safe; 1% risk of failure)
Press: ? - help, Shift-Dir - straight line The searing ray hits Pikel. (Press . to maintain the ray.)
You hear a bark!
The lemure barely misses you.
Pikel zaps a wand.
You turn into a filthy swine.
Your +0 dagger of venom melds into your body.
Your +0 robe melds into your body.
Your ring of see invisible {sInv, !d} melds into your body.
Your ring of resist corrosion melds into your body.
Your +0 dagger of venom stops dripping with poison.
The blast of energy engulfs Pikel!
The blast of energy engulfs the hound!!
You now have 5/15 mp.
The lemure hits you!
You take 8 damage, and have 43/51 hp.
The lemure closely misses you. Pikel barely misses you.
You climb upwards.
There is a stone staircase leading down here.
The lemure misses you.
Pikel hits you with a +1 whip of electrocution.
You take 6 damage, and have 38/51 hp.
The adder hisses angrily.
Bite: -) Teeth
Press: ? - help, Dir - move target, f - adder
Aim: an adder (about 62% to evade your front trotters)
Okay, then.
The adder misses you.
There is a staircase to the Ecumenical Temple here.
You can't go up here!
The adder completely misses you. The lemure hits you.
You climb downwards.
Welcome to the Ecumenical Temple!
Your transformation is almost over.
Found six altars.
There is a staircase back to the Dungeon here.
You take 2 damage, and have 36/51 hp.
You hit the lemure. The adder misses you. The lemure misses you.
You hit the lemure. The adder barely misses you.
You hit the lemure but do no damage. The lemure hits you!
The adder completely misses you.
You take 7 damage, and have 29/51 hp.
You closely miss the lemure. The adder misses you.
The lemure closely misses you. The adder misses you.
You barely miss the lemure. The lemure hits you. The adder misses you.
You take 5 damage, and have 24/51 hp.
You hit the lemure but do no damage. The lemure hits you. The adder bites you.
You take 7 damage, and have 17/51 hp.
You barely miss the lemure. The lemure completely misses you.
The adder closely misses you. The adder bites you.
You take 2 damage, and have 16/51 hp.
You closely miss the lemure. The adder bites you.
* * * LOW HITPOINT WARNING * * *
You take 4 damage, and have 12/51 hp.
You hit the lemure but do no damage. The lemure misses you.
The adder bites you.
* * * LOW HITPOINT WARNING * * *
You are poisoned.
The adder poisons you!
You take 4 damage, and have 8/51 hp.
You closely miss the adder.
You feel less porcine.
Your +0 dagger of venom unmelds from your body.
Your +0 robe unmelds from your body.
Your ring of see invisible {sInv, !d} unmelds from your body.
Your ring of resist corrosion unmelds from your body.
Your +0 dagger of venom begins to drip with poison!
You feel sick. The lemure hits you!
You die...

...§.§..........
................
................
......._........
................
._..........._..
................
.......5@.......
........S.......
..._......._....
................
................
................
......._........
................


You could see a lemure and an adder.

Vanquished Creatures
  Pargi (Sewer)
  An ogre (D:5)
  2 scorpions (D:5)
  A hound (D:5)
  A jelly (D:5)
  2 iguanas (D:5)
  2 river rats (D:5)
  11 adders
  A shadow imp (D:5)
  4 white imps (D:5)
  2 ufetubi (D:5)
  3 worms
  2 dart slugs
  7 orcs
  10 ball pythons
  7 bats
  7 endoplasms
  2 giant cockroaches (D:2)
  11 goblins
  8 hobgoblins
  4 jackals (D:1)
  11 kobolds
  3 quokkas (D:1)
  5 frilled lizards
  8 rats
116 creatures vanquished.

Vanquished Creatures (others)
  2 fulminant prisms
2 creatures vanquished.

Grand Total: 118 creatures vanquished

Notes
Turn   | Place    | Note
-------+----------+-------------------------------------------
     0 | D:1      | IndexError the Gnoll Conjurer began the quest for the Orb.
     0 | D:1      | Reached XP level 1. HP: 13/13 MP: 6/6
   231 | D:1      | Reached XP level 2. HP: 19/19 MP: 4/7
   792 | D:1      | Reached skill level 5 in Spellcasting
   792 | D:1      | Reached XP level 3. HP: 25/25 MP: 1/9
  1027 | D:1      | Reached skill level 1 in Invocations
  1167 | D:1      | Found a faded altar of an unknown god.
  1630 | D:2      | Found Laplune's Antique Armour Shop.
  1671 | D:2      | Reached skill level 1 in Fighting
  1671 | D:2      | Reached skill level 1 in Short Blades
  1671 | D:2      | Reached skill level 1 in Long Blades
  1671 | D:2      | Reached skill level 1 in Axes
  1671 | D:2      | Reached skill level 1 in Maces & Flails
  1671 | D:2      | Reached skill level 1 in Polearms
  1671 | D:2      | Reached skill level 1 in Staves
  1671 | D:2      | Reached skill level 1 in Ranged Weapons
  1671 | D:2      | Reached skill level 1 in Throwing
  1671 | D:2      | Reached skill level 1 in Armour
  1671 | D:2      | Reached skill level 1 in Shields
  1671 | D:2      | Reached skill level 1 in Unarmed Combat
  1671 | D:2      | Reached skill level 1 in Evocations
  1812 | D:2      | Reached XP level 4. HP: 32/32 MP: 8/11
  2503 | D:3      | Reached skill level 1 in Hexes
  2503 | D:3      | Reached skill level 1 in Summonings
  2503 | D:3      | Reached skill level 1 in Necromancy
  2503 | D:3      | Reached skill level 1 in Translocations
  2503 | D:3      | Reached skill level 1 in Transmutations
  2503 | D:3      | Reached skill level 1 in Fire Magic
  2503 | D:3      | Reached skill level 1 in Ice Magic
  2503 | D:3      | Reached skill level 1 in Air Magic
  2503 | D:3      | Reached skill level 1 in Earth Magic
  2503 | D:3      | Reached skill level 1 in Poison Magic
  2513 | D:2      | Learned a level 2 spell: Searing Ray
  2518 | D:2      | Learned a level 4 spell: Fulminant Prism
  2523 | D:2      | Learned a level 4 spell: Iskenderun's Mystic Blast
  3537 | D:4      | Found a staircase to the Ecumenical Temple.
  3544 | D:4      | Reached XP level 5. HP: 37/37 MP: 8/12
  3972 | D:4      | Found a transporter.
  3974 | D:4      | Found Luqus's Weapon Shop.
  4148 | D:4      | Found a transporter.
  4514 | D:5      | Entered Level 5 of the Dungeon
  4612 | D:5      | Noticed an ogre
  4620 | D:5      | Reached skill level 2 in Invocations
  4665 | D:5      | Killed an ogre
  4666 | D:5      | Reached skill level 2 in Fighting
  4666 | D:5      | Reached skill level 2 in Short Blades
  4666 | D:5      | Reached skill level 2 in Long Blades
  4666 | D:5      | Reached skill level 2 in Axes
  4666 | D:5      | Reached skill level 2 in Maces & Flails
  4666 | D:5      | Reached skill level 2 in Polearms
  4666 | D:5      | Reached skill level 2 in Staves
  4666 | D:5      | Reached skill level 2 in Ranged Weapons
  4666 | D:5      | Reached skill level 2 in Throwing
  4666 | D:5      | Reached skill level 2 in Armour
  4666 | D:5      | Reached skill level 5 in Dodging
  4666 | D:5      | Reached skill level 2 in Shields
  4666 | D:5      | Reached skill level 2 in Unarmed Combat
  4666 | D:5      | Reached skill level 2 in Evocations
  4666 | D:5      | Reached XP level 6. HP: 44/44 MP: 7/14
  5051 | D:5      | Found a glowing drain.
  5057 | Sewer    | Entered a sewer
  5152 | Sewer    | Noticed Pargi
  5159 | Sewer    | Killed Pargi
  5160 | Sewer    | Reached skill level 2 in Hexes
  5160 | Sewer    | Reached skill level 2 in Summonings
  5160 | Sewer    | Reached skill level 2 in Necromancy
  5160 | Sewer    | Reached skill level 2 in Translocations
  5160 | Sewer    | Reached skill level 2 in Transmutations
  5160 | Sewer    | Reached skill level 2 in Fire Magic
  5160 | Sewer    | Reached skill level 2 in Ice Magic
  5160 | Sewer    | Reached skill level 2 in Air Magic
  5160 | Sewer    | Reached skill level 2 in Earth Magic
  5160 | Sewer    | Reached skill level 2 in Poison Magic
  5160 | Sewer    | Reached XP level 7. HP: 49/51 MP: 6/15
  5515 | D:5      | Reached skill level 5 in Stealth
  5594 | D:5      | Reached skill level 3 in Invocations
  5620 | D:5      | Noticed Pikel
  5637 | Temple   | Entered the Ecumenical Temple
  5646 | Temple   | HP: 12/51 [adder (4)]
  5648 | Temple   | Slain by a lemure

Illustrated notes

Levels and vault maps discovered:
D:1:      scummos_arrival_forest, layout_basic,
          ebering_ecumenical_altar_petrified
D:2:      layout_basic, serial_shops, shop, kennysheep_generic_room_14
D:3:      cheibrodos_helix_gallery, layout_loops_ring, st_stairs_11
D:4:      layout_loops_ring, minmay_temple_entry_from_below_a, serial_shops,
          nicolae_shop_drivethru, glass_columns_b
D:5:      layout_loops_ring, lightli_sewer_entry_pipes, serial_demonic,
          serial_demonic_e, serial_demonic_a, serial_demonic_a,
          serial_demonic_b, kennysheep_nondescript, st_stairs_10,
          minmay_hedge_maze, uniq_duvessa, uniq_pikel
Temple:   compressed_dpeg_triangle_lava_temple

Skill      XL: |  1  2  3  4  5  6  7 |
---------------+----------------------+-----
Spellcasting   | 5 |  5.7
Invocations    | 1 2 3 |  3.0
Fighting       | 1 2 |  2.7
Short Blades   | 1 2 |  2.7
Long Blades    | 1 2 |  2.7
Axes           | 1 2 |  2.7
Maces & Flails | 1 2 |  2.7
Polearms       | 1 2 |  2.7
Staves         | 1 2 |  2.7
Ranged Weapons | 1 2 |  2.7
Throwing       | 1 2 |  2.7
Armour         | 1 2 |  2.7
Shields        | 1 2 |  2.7
Unarmed Combat | 1 2 |  2.7
Evocations     | 1 2 |  2.7
Hexes          | 1 2 |  2.2
Summonings     | 1 2 |  2.2
Necromancy     | 1 2 |  2.2
Translocations | 1 2 |  2.2
Transmutations | 1 2 |  2.2
Fire Magic     | 1 2 |  2.2
Ice Magic      | 1 2 |  2.2
Air Magic      | 1 2 |  2.2
Earth Magic    | 1 2 |  2.2
Poison Magic   | 1 2 |  2.2
Dodging        | 5 |  5.3
Stealth        | 5 |  5.0
Conjurations   | |  7.5

Action                     |  1- 3 |  4- 6 |  7- 9 || total
---------------------------+-------+-------+-------++-------
  Melee: Dagger            |     3 |    14 |       ||    17
         Unarmed           |       |       |    10 ||    10
   Cast: Magic Dart        |    68 |   124 |    25 ||   217
         Searing Ray       |       |    12 |     3 ||    15
         Fulminant Prism   |       |     1 |     1 ||     2
 Armour: Robe              |       |     8 |       ||     8
  Dodge: Dodged            |     3 |    44 |    28 ||    75

Levels and vault maps discovered:
D:1:      scummos_arrival_forest, layout_basic,
          ebering_ecumenical_altar_petrified
D:2:      layout_basic, serial_shops, shop, kennysheep_generic_room_14
D:3:      cheibrodos_helix_gallery, layout_loops_ring, st_stairs_11
D:4:      layout_loops_ring, minmay_temple_entry_from_below_a, serial_shops,
          nicolae_shop_drivethru, glass_columns_b
D:5:      layout_loops_ring, lightli_sewer_entry_pipes, serial_demonic,
          serial_demonic_e, serial_demonic_a, serial_demonic_a,
          serial_demonic_b, kennysheep_nondescript, st_stairs_10,
          minmay_hedge_maze, uniq_duvessa, uniq_pikel
Temple:   compressed_dpeg_triangle_lava_temple

Table legend: (Time is in decaauts)
 A = Elapsed time spent in this place.
 B = Non-inter-level travel time spent in this place.
 C = Inter-level travel time spent in this place.
 D = Time resting spent in this place.
 E = Time spent auto-exploring this place.
 F = Levels seen in this place.
 G = Mean time per level.
                   A        B        C        D        E       F      G
               +--------+--------+--------+--------+--------+-----+--------+
         Total |   5720 |   5422 |    298 |     76 |   4647 |   7 |  817.1 |
       Dungeon |   5394 |   5096 |    298 |     76 |   4378 |   5 | 1078.8 |
        Temple |      9 |      9 |      0 |      0 |      0 |   1 |    9.0 |
         Sewer |    316 |    316 |      0 |      0 |    269 |   1 |  316.0 |
               +--------+--------+--------+--------+--------+-----+--------+

Top non-repeatable levels by time:
     D:1: 1527 daAuts
     D:2: 1123 daAuts
     D:4: 1001 daAuts
     D:5: 872 daAuts
     D:3: 869 daAuts
   Sewer: 316 daAuts
  Temple: 9 daAuts

Table legend:
 A = Kills in this place as a percentage of kills in the entire game.
 B = Kills by you in this place as a percentage of kills by you in the entire game.
 C = Kills by friends in this place as a percentage of kills by friends in the entire game.
 D = Other kills in this place as a percentage of other kills in the entire game.
 E = Experience gained in this place as a percentage of experience gained in the entire game.
 F = Experience gained in this place divided by the number of levels of this place that you have seen.
                   A       B       C       D       E      F
               +-------+-------+-------+-------+-------+----------------------
         Total | 100.0 | 100.0 |   N/A |   N/A | 100.0 | 140.7
       Dungeon |  90.5 |  90.5 |   N/A |   N/A |  83.6 | 164.6
         Sewer |   9.5 |   9.5 |   N/A |   N/A |  16.4 | 162.0
               +-------+-------+-------+-------+-------+----------------------
